 Dungeon Crawl Stone Soup version 0.27.1-33-g824d729ab1 (webtiles) character file.

Game seed: 3427144107610209235

132 Kaptain the Digger (level 5, 0/29 HPs)
             Began as a Gargoyle Earth Elementalist on Dec 28, 2021.
             Slain by an orc (7 damage)
             ... on level 3 of the Dungeon.
             The game lasted 00:06:17 (3359 turns).

Kaptain the Digger (Gargoyle Earth Elementalist)    Turns: 3359, Time: 00:06:17

Health: 0/29       AC:  9    Str: 11    XL:     5   Next: 15%
Magic:  9/9        EV: 11    Int: 17    God:
Gold:   88         SH:  0    Dex: 10    Spells: 6/10 levels left

rFire    . . .     SeeInvis .   i - +0 mace
rCold    . . .     Faith    .   (no shield)
rNeg     + . .     Spirit   .   a - +0 leather armour
rPois    ∞         Reflect  .   g - +1 helmet
rElec    +         Harm     .   (no cloak)
rCorr    .         Rampage  .   (no gloves)
Will     .....                  (no boots)
Stlth    ++........             (no amulet)
HPRegen  0.09/turn              (no ring)
MPRegen  0.11/turn              (no ring)

@: no status effects
A: sickness immunity, AC +4, negative energy resistance 1, electricity
resistance, torment resistance 1, petrification resistance
a: no special abilities


You were on level 3 of the Dungeon.
You visited 1 branch of the dungeon, and saw 3 of its levels.

You collected 88 gold pieces.

Inventory:

Hand Weapons
 i - a +0 mace (weapon)
Missiles
 k - 4 stones
Armour
 a - a +0 leather armour (worn)
 b - a +0 robe
 g - a +1 helmet (worn)
Scrolls
 c - a scroll of fear {unknown}
 d - a scroll of identify {unknown}
 f - a scroll of noise {unknown}
 h - a scroll of silence {unknown}
Potions
 e - a potion of might {unknown}
 j - a potion of attraction {unknown}


   Skills:
 + Level 1.4 Fighting
 + Level 1.3 Armour
 + Level 2.1 Dodging
 + Level 2.7 Stealth
 * Level 3.0 Spellcasting
 + Level 0.3 Conjurations
 - Level 0.7 Transmutations
 * Level 4.6 Earth Magic


You had 6 spell levels left.
You knew the following spells:

 Your Spells              Type           Power      Damage    Failure   Level
a - Sandblast             Erth           36%        2d10      3%          1
b - Stone Arrow           Conj/Erth      22%        3d8       24%         3

Your spell library contained the following spells:

 Spells                   Type           Power      Damage    Failure   Level
 Passwall                 Tmut/Erth      9%         N/A       12%         2
 Petrify                  Tmut/Erth      11%        N/A       58%         4


Dungeon Overview and Level Annotations

Branches:
Dungeon (3/15)

Altars:


Innate Abilities, Weirdness & Mutations

You are immune to sickness and miasma.
Your stone body is resilient. (AC +4)
You are immune to poison.
You resist negative energy. (rN+)
You are resistant to electric shocks. (rElec)
You are resistant to unholy torment.
You are immune to petrification.


Message History

You hit the orc but do no damage. The orc hits you but does no damage.
The orc barely misses you.
You barely miss the orc. The orc hits you with a +0 falchion.
You closely miss the orc. The orc hits you but does no damage.
The orc hits you with a +0 falchion.
You barely miss the orc. The orc closely misses you.
You hit the orc but do no damage. The orc misses you.
You hit the orc.
The orc is severely wounded.
The orc barely misses you. The orc closely misses you.
You closely miss the orc.
The orc is severely wounded.
The orc hits you but does no damage.
You thump the orc!
You kill the orc!
You barely miss the orc. The orc barely misses you.
The orc hits you with a +0 flail.
You hit the orc.
The orc is severely wounded.
The orc hits you with a +0 flail.
You completely miss the orc.
The orc is severely wounded.
The orc barely misses you. The orc hits you with a +0 flail.
You barely miss the orc.
The orc is severely wounded.
The orc hits you but does no damage.
You closely miss the orc.
The orc is severely wounded.
The orc hits you with a +0 flail.
You hit the orc but do no damage.
The orc is severely wounded.
The orc barely misses you. The orc hits you with a +0 flail.
You hit the orc.
The orc is severely wounded.
The orc hits you with a +0 flail!
* * * LOW HITPOINT WARNING * * *
You barely miss the orc.
The orc is severely wounded.
The orc hits you with a +0 flail!
You die...

#.##.##.#.#
#.##.##)#.#
#.##.##...#
#.##.#######
#...........
####.######.
#.#
######.######.#
#.......@oo...#
#############.#


You could see 2 orcs.

Vanquished Creatures
  Ijyb (D:3)
  3 adders (D:2)
  3 worms (D:2)
  An adder skeleton (D:2)
  2 dart slugs (D:1)
  4 orcs (D:3)
  6 bats
  2 endoplasms
  6 giant cockroaches
  10 goblins
  4 hobgoblins
  3 kobolds
  4 ball pythons
  7 frilled lizards
  6 rats
62 creatures vanquished.

Notes
Turn   | Place    | Note
-------+----------+-------------------------------------------
     0 | D:1      | Kaptain the Gargoyle Earth Elementalist began the quest for
                  | the Orb.
     0 | D:1      | Reached XP level 1. HP: 10/10 MP: 3/3
   151 | D:1      | Reached XP level 2. HP: 15/15 MP: 0/5
   324 | D:1      | Reached skill level 4 in Earth Magic
   499 | D:1      | Reached XP level 3. HP: 20/20 MP: 3/6
   607 | D:1      | Learned a level 3 spell: Stone Arrow
   739 | D:1      | Found a faded altar of an unknown god.
  1182 | D:2      | Reached skill level 1 in Fighting
  1266 | D:2      | Reached skill level 1 in Armour
  1292 | D:2      | Reached XP level 4. HP: 25/25 MP: 0/7
  2853 | D:3      | Noticed Ijyb
  2869 | D:3      | Paralysed by Ijyb for 7 turns
  2883 | D:3      | Killed Ijyb
  2884 | D:3      | Reached XP level 5. HP: 15/29 MP: 5/9
  3359 | D:3      | Slain by an orc

Illustrated notes

Levels and vault maps discovered:
D:1:      giann_forest_graveyard, layout_rooms, basic_ecumenical_altar,
          minmay_lizard_pond
D:2:      layout_basic, minmay_cut_off
D:3:      layout_basic, uniq_ijyb, uniq_terence, uniq_sigmund

Skill      XL: |  1  2  3  4  5 |
---------------+----------------+-----
Earth Magic    | 4 |  4.6
Fighting       | 1 |  1.4
Armour         | 1 |  1.3
Dodging        | 2 |  2.1
Spellcasting   | 3 |  3.0
Stealth        | |  2.7
Conjurations   | |  0.3
Transmutations | |  0.7

Action                   |  1- 3 |  4- 6 || total
-------------------------+-------+-------++-------
Melee: Unarmed           |     5 |       ||     5
       Mace              |       |    91 ||    91
 Cast: Sandblast         |    52 |    17 ||    69
       Stone Arrow       |       |     1 ||     1
  Use: Potion            |       |     1 ||     1
 Stab: Sleeping          |       |     2 ||     2
Armor: Leather armour    |     9 |    46 ||    55
Dodge: Dodged            |     9 |    50 ||    59
